 Dungeon Crawl Stone Soup version 0.28-a0-1510-gd0f6b136d3 (webtiles) character file.

Game seed: 8889164587984725488

30 Shayle the Ducker (level 3, 0/29 HPs)
             Began as a Djinni Warper on Jan 15, 2022.
             Slain by a hound (3 damage)
             ... on level 4 of the Dungeon.
             The game lasted 00:02:46 (1441 turns).

Shayle the Ducker (Djinni Warper)                   Turns: 1441, Time: 00:02:46

Health: 0/29       AC:  3    Str: 10    XL:     3   Next: 35%
Gold:   39         EV: 12    Int: 16    God:
                   SH:  0    Dex: 12

rFire   + + .      SeeInvis .     - Unarmed
rCold   x . .      Faith    .   (no shield)
rNeg    . . .      Spirit   .   a - +0 leather armour
rPois   ∞          Reflect  .   (no helmet)
rElec   .          Harm     .   (no cloak)
rCorr   .          Rampage  .   (no gloves)
Will    .....                   (boots unavailable)
Stlth   +.........              (no amulet)
HPRegen 0.09/turn               (no ring)
MPRegen 0.00/turn               (no ring)

@: flying
A: sickness immunity, fire resistance 2, cold vulnerability 1, float, innate
caster, hp casting, extra vitality 1
a: no special abilities


You were on level 4 of the Dungeon.
You visited 1 branch of the dungeon, and saw 4 of its levels.

You collected 39 gold pieces.

Inventory:

Armour
 a - a +0 leather armour (worn)
Scrolls
 d - a scroll of teleportation {unknown}
 e - a scroll of immolation
Potions
 c - a potion of haste {unknown}
 f - a potion of lignification {unknown}


   Skills:
 + Level 2.4 Fighting
 - Level 0.7 Throwing
 - Level 1.0 Armour
 + Level 2.7 Dodging
 + Level 2.4 Unarmed Combat
 + Level 2.6 Spellcasting


You couldn't memorise any spells.
You knew the following spells:

 Your Spells              Type           Power      Damage    Failure   Level
a - Blink                 Tloc           20%        N/A       13%         2
b - Lesser Beckoning      Tloc           10%        N/A       26%         3
c - Gell's Gravitas       Tloc           10%        N/A       26%         3
d - Teleport Other        Tloc           10%        N/A       26%         3
e - Manifold Assault      Tloc           10%        N/A       94%         5
f - Beastly Appendage     Tmut           20%        N/A       9%          1
Your spell library was empty.

Dungeon Overview and Level Annotations

Branches:
Dungeon (4/15)
 Temple: D:4-7

Altars:

Shops:
D:2 =


Innate Abilities, Weirdness & Mutations

You are immune to sickness and miasma.
You are immune to poison.
Your flesh is very heat resistant. (rF++)
You are vulnerable to cold. (rC-)
You float through the air rather than walking.
You learn spells naturally, not from books.
Your magical power is your life essence.
You have superior vitality. (+4 MHP)


Message History

An orc comes into view. It is wielding a +0 mace.
The orc shouts! x2
An orc comes into view. It is wielding a +0 whip.
The orc shouts!
A centaur skeleton comes into view.
The hound closely misses you. The centaur skeleton barely misses you.
The centaur skeleton completely misses you.
Found a scroll labelled RIOPUUTW FERE.
The centaur skeleton hits you but does no damage.
The centaur skeleton barely misses you. The centaur skeleton barely misses you.
The centaur skeleton kicks you but does no damage.
The hound barely misses you. The hound bites you but does no damage.
The hound bites you.
You see here a scroll labelled RIOPUUTW FERE.
d - a scroll labelled RIOPUUTW FERE The centaur skeleton closely misses you.
The centaur skeleton kicks you. The hound misses you.
The hound barely misses you. The hound closely misses you.
The centaur skeleton hits you but does no damage.
The centaur skeleton kicks you but does no damage.
The hound barely misses you. The hound barely misses you.
The hound closely misses you. The hound misses you. The hound bites you.
The centaur skeleton barely misses you. The centaur skeleton kicks you.
* * * LOW HITPOINT WARNING * * *
The hound bites you but does no damage. The orc hits you with a +0 whip.
* * * LOW HITPOINT WARNING * * *
Blink to where?
Press: ? - help, Dir - move target
As you read the scroll of blinking, it crumbles to dust.
You reach down and open the door.
There is an open door here.
The hound bites you.
* * * LOW HITPOINT WARNING * * *
The hound closely misses you. The hound bites you.
You die...

#......#.......
.......#......#.......
.......#......'.......
.......#......#.......
.......#####'###########
........................
........................
.............Z..........
.......oo.....oh@.......
........................
####'######'#########...
......#......# .
......#......#
....Z.#......#
###.####.##)##
###o####'#### .....#...#


You could see a hound, an orc and a centaur skeleton.

Vanquished Creatures
  An adder (D:2)
  2 adder skeletons (D:4)
  2 ball pythons (D:1)
  A bat (D:1)
  An endoplasm (D:1)
  A giant cockroach (D:1)
  2 goblins (D:1)
  2 hobgoblins
  A kobold (D:1)
  A rat (D:1)
14 creatures vanquished.

Notes
Turn   | Place    | Note
-------+----------+-------------------------------------------
     0 | D:1      | Shayle the Djinni Warper began the quest for the Orb.
     0 | D:1      | Reached XP level 1. HP: 18/18 MP: 0/0
   303 | D:1      | Reached XP level 2. HP: 15/23 MP: 0/0
   775 | D:2      | Found Fayr's Jewellery Emporium.
   860 | D:2      | Reached XP level 3. HP: 8/29 MP: 0/0
   860 | D:2      | Learned a level 1 spell: Beastly Appendage
  1227 | D:2      | You are sucked into a shaft and drop 2 floors!
  1441 | D:4      | Slain by a hound

Illustrated notes

Levels and vault maps discovered:
D:1:      psy_arrival_statuary, layout_basic, serial_bayou_crossing
D:2:      layout_basic, serial_shops, shop
D:3:      layout_basic, portal_sewer_entry_b, st_stairs_5, lemuel_flame_loot_1,
          uniq_terence
D:4:      layout_gridville

Action                   || total
-------------------------++-------
Melee: Unarmed           ||    68
       Punch             ||     1
Throw: Boomerang         ||     5
  Use: Scroll            ||     2
Armor: Leather armour    ||    25
Dodge: Dodged            ||    46

Table legend: (Time is in decaauts)
 A = Elapsed time spent in this place.
 B = Non-inter-level travel time spent in this place.
 C = Inter-level travel time spent in this place.
 D = Time resting spent in this place.
 E = Time spent auto-exploring this place.
 F = Levels seen in this place.
 G = Mean time per level.
                   A        B        C        D        E       F      G
               +--------+--------+--------+--------+--------+-----+--------+
         Total |   1439 |   1426 |     13 |    357 |    737 |   4 |  359.8 |
       Dungeon |   1439 |   1426 |     13 |    357 |    737 |   4 |  359.8 |
               +--------+--------+--------+--------+--------+-----+--------+

Top non-repeatable levels by time:
     D:1: 766 daAuts
     D:2: 459 daAuts
     D:4: 211 daAuts
     D:3: 1 daAuts
